 Dungeon Crawl Stone Soup version 0.23.2-40-g277498a (webtiles) character file.

Game seed: 1480543572589853719

145 Aphrodieselac the Charmwright (level 5, -7/38 HPs)
             Began as a Merfolk Skald on Aug 29, 2019.
             Mangled by an ice beast (9 damage)
             ... on level 3 of the Dungeon.
             The game lasted 00:06:39 (1748 turns).

Aphrodieselac the Charmwright (Merfolk Skald)       Turns: 1748, Time: 00:06:40

Health: -7/38      AC:  3    Str: 12    XL:     5   Next: 27%
Magic:  3/8        EV: 12    Int: 13    God:
Gold:   99         SH:  0    Dex: 13    Spells: 3/8 levels left

rFire    . . .     SeeInvis .   a - +0 spear
rCold    . . .     Gourm    .   (no shield)
rNeg     . . .     Faith    .   m - +0 leather armour
rPois    .         Spirit   .   (no helmet)
rElec    .         Reflect  .   (no cloak)
rCorr    .         Harm     .   (no gloves)
MR       .....                  (no boots)
Stlth    +.........             (no amulet)
HPRegen  0.12/turn              (no ring)
MPRegen  0.11/turn              (no ring)

@: infused
A: change form in water, swift swim, stealthy swim
a: no special abilities


You were on level 3 of the Dungeon.
You were not hungry.

You visited 1 branch of the dungeon, and saw 3 of its levels.

You collected 99 gold pieces.

Inventory:

Hand Weapons
 a - a +0 spear (weapon)
 b - a +0 hunting sling
Missiles
 l - 26 sling bullets
Armour
 k - a scarf of resistance
 m - a +0 leather armour (worn)
Scrolls
 c - a scroll of teleportation {unknown}
 g - a scroll of fear {unknown}
 h - 2 scrolls of remove curse {unknown}
 i - 3 scrolls of identify {unknown}
 n - a scroll of enchant weapon {unknown}
 q - a scroll of amnesia {unknown}
Potions
 e - a potion of haste {unknown}
 f - 2 potions of curing {unknown}
 j - a potion of berserk rage {unknown}
 p - a potion of magic {unknown}
Comestibles
 d - 6 rations
 o - 3 chunks of flesh


   Skills:
 - Level 2.1 Fighting
 + Level 5.0 Polearms
 - Level 0.6 Armour
 - Level 2.6 Dodging
 - Level 2.0 Spellcasting
 * Level 5.5 Charms


You had 3 spell levels left.
You knew the following spells:

 Your Spells              Type           Power        Failure   Level  Hunger
a - Infusion              Chrm           ###.         3%          1    ##.....
b - Song of Slaying       Chrm           ###.....     4%          2    ###....
c - Shroud of Golubria    Chrm/Tloc      #.........   16%         2    ###....

Your spell library contained the following spells:

 Spells                   Type           Power        Failure   Level  Hunger
 Regeneration             Chrm/Necr      #.........   30%         3    ####...
 Spectral Weapon          Hex/Chrm       #.......     30%         3    ####...


Dungeon Overview and Level Annotations

Branches:
Dungeon (3/15)

Altars:


Message History

You barely miss the ice beast.
The ice beast is lightly wounded.
The ice beast hits you.
* * * LOW HITPOINT WARNING * * *
The ice beast freezes you.
* * * LOW HITPOINT WARNING * * *
You hit the ice beast.
The ice beast is moderately wounded.
You barely miss the ice beast.
The ice beast is moderately wounded.
The ice beast hits you but does no damage.
You completely miss the ice beast.
The ice beast is moderately wounded.
The ice beast hits you but does no damage.
You hit the ice beast but do no damage.
The ice beast is moderately wounded.
The ice beast hits you.
* * * LOW HITPOINT WARNING * * *
The ice beast freezes you!
You die...

### #.####.#.#.# .#
..######.....รท#.#.##.#
..'..................#
..#############.#.#..#
..# # b..#....# ..#
#.#######...# ..#
#.....###...# ..#
........Y...# ..#
.......@....# ..#
).........### ..#
........?.# ..#
..........# ..#
.#######.## ..# #.# ###
#.. #.


You could see an ice beast.

Vanquished Creatures
  A bullfrog (D:3)
  4 adders
  A worm (D:2)
  A dart slug (D:1)
  A leopard gecko (D:1)
  6 bats
  A giant cockroach (D:3)
  6 goblins
  3 jackals (D:1)
  5 kobolds
  2 frilled lizards
  7 rats
38 creatures vanquished.

Notes
Turn   | Place    | Note
-------+----------+-------------------------------------------
     0 | D:1      | Aphrodieselac the Merfolk Skald began the quest for the
                  | Orb.
     0 | D:1      | Reached XP level 1. HP: 16/16 MP: 3/3
    29 | D:1      | Reached XP level 2. HP: 17/22 MP: 1/5
   458 | D:1      | Reached XP level 3. HP: 25/27 MP: 2/6
   577 | D:1      | Learned a level 2 spell: Song of Slaying
   580 | D:1      | Learned a level 2 spell: Shroud of Golubria
  1590 | D:3      | Noticed a bullfrog
  1606 | D:3      | Killed a bullfrog
  1606 | D:3      | Reached skill level 5 in Charms
  1606 | D:3      | Reached XP level 4. HP: 15/33 MP: 0/7
  1606 | D:3      | Reached XP level 5. HP: 17/38 MP: 0/8
  1726 | D:3      | Reached skill level 5 in Polearms
  1735 | D:3      | Noticed an ice beast
  1748 | D:3      | Mangled by an ice beast

Skill      XL: |  1  2  3  4  5 |
---------------+----------------+-----
Charms         | 4 5 |  5.5
Polearms       | 4 5 |  5.0
Fighting       | |  2.1
Armour         | |  0.6
Dodging        | |  2.6
Spellcasting   | |  2.0

Action                   |  1- 3 |  4- 6 || total
-------------------------+-------+-------++-------
Melee: Spear             |   115 |    35 ||   150
 Cast: Infusion          |     6 |     2 ||     8
       Shroud of Golubri |       |     1 ||     1
  Eat: Chunk             |     2 |     1 ||     3
Armor: Leather armour    |    34 |     8 ||    42
Dodge: Dodged            |    76 |    16 ||    92
